 Dungeon Crawl Stone Soup version 0.21.1-1-g345015fe64 (webtiles) character file.

239 Kholdaimon the Slasher (level 5, -3/47 HPs)
             Began as a Minotaur Fighter on June 16, 2018.
             Slain by a gnoll
             ... wielding a +0 flail
              (7 damage)
             ... on level 2 of the Dungeon.
             The game lasted 00:08:59 (1183 turns).

Kholdaimon the Slasher (Minotaur Fighter)           Turns: 1183, Time: 00:09:00

Health: -3/47      AC: 10    Str: 21    XL:     5   Next: 79%
Magic:  4/4        EV:  3    Int:  5    God:
Gold:   28         SH:  0    Dex: 10    Spells: 4/4 levels left

rFire    . . .     SeeInvis .   a - +0 long sword
rCold    . . .     Gourm    .   c - +0 shield
rNeg     . . .     Faith    .   h - +0 chain mail
rPois    .         Spirit   .   (helmet restricted)
rElec    .         Reflect  .   l - +0 cloak
rCorr    .         Harm     .   (no gloves)
MR       .....                  (no boots)
Stlth    ..........             (no amulet)
HPRegen  0.15/turn              (no ring)
MPRegen  0.09/turn              (no ring)

@: held
A: retaliatory headbutt, horns 2
a: no special abilities


You were on level 2 of the Dungeon.
You were not hungry.

You visited 1 branch of the dungeon, and saw 2 of its levels.

You collected 28 gold pieces.

Inventory:

Hand Weapons
 a - a +0 long sword (weapon)
Missiles
 i - 59 stones (quivered)
 j - 4 tomahawks
Armour
 b - a +0 scale mail
 c - a +0 shield (worn)
 h - a +0 chain mail (worn)
 l - a +0 cloak (worn)
Jewellery
 e - an uncursed amulet of magic regeneration {unknown}
Potions
 d - a potion of might
 g - a potion of haste {unknown}
Comestibles
 f - 5 rations
 k - a chunk of flesh


   Skills:
 + Level 4.6 Fighting
 * Level 5.3 Long Blades
 + Level 4.7 Armour
 + Level 4.7 Shields


You had 4 spell levels left.
You didn't know any spells.

Dungeon Overview and Level Annotations

Branches:
Dungeon (2/15)

Altars:
Ashenzari
Kikubaaqudgha


Innate Abilities, Weirdness & Mutations

You reflexively headbutt those who attack you in melee.
You have a pair of horns on your head.


Message History

a club; a short sword; a gnoll corpse You hit the gnoll but do no damage.
The gnoll throws a throwing net.
The throwing net hits you.
You become entangled in the net!
The gnoll hits you but does no damage.
You struggle against the net.
The gnoll hits you with a halberd. The gnoll hits you with a flail.
You struggle against the net.
The gnoll hits you with a halberd. The gnoll hits you but does no damage.
The gnoll hits you with a halberd! The gnoll hits you with a flail!
The gnoll hits you but does no damage. The gnoll hits you but does no damage.
The gnoll hits you with a halberd. The gnoll hits you with a flail!
* * * LOW HITPOINT WARNING * * *
The gnoll barely misses you. The gnoll completely misses you.
The gnoll hits you but does no damage. The gnoll hits you with a flail.
* * * LOW HITPOINT WARNING * * *
The gnoll hits you with a halberd.
* * * LOW HITPOINT WARNING * * *
The gnoll hits you with a flail!
You die...

.#....♣.♣...##.#...#
...............#.###
##.........#.#.#.#
##........._..#.#
##....#.##.#...#######
#..#..#.#............
#...)###.####.#######
#.##..#..# #.#
#.##.#.#.# #@#
#.##.#.#.....gg......
#.##.# #......#..####
#.# ##.###...... #.
#.# #.. .### .# #..).#
#.P. # #....


You could see 2 gnolls.

Vanquished Creatures
  Sigmund (D:2)
  2 gnolls (D:2)
  An adder (D:2)
  2 worms (D:2)
  2 dart slugs (D:1)
  3 leopard geckos
  8 goblins
  A hobgoblin (D:2)
  6 jackals
  2 kobolds (D:2)
  3 bats
  3 frilled lizards
  3 rats
37 creatures vanquished.

Notes
Turn   | Place    | Note
-------+----------+-------------------------------------------
     0 | D:1      | Kholdaimon the Minotaur Fighter began the quest for the Orb.
     0 | D:1      | Reached XP level 1. HP: 19/19 MP: 0/0
   128 | D:1      | Reached XP level 2. HP: 23/27 MP: 1/1
   604 | D:2      | Reached skill level 3 in Long Blades
   611 | D:2      | Reached XP level 3. HP: 33/33 MP: 2/2
   663 | D:2      | Found an ancient bone altar of Kikubaaqudgha.
   729 | D:2      | Noticed Sigmund
   742 | D:2      | Killed Sigmund
   742 | D:2      | Reached skill level 4 in Long Blades
   742 | D:2      | Reached XP level 4. HP: 19/41 MP: 3/3
   742 | D:2      | Reached XP level 5. HP: 22/47 MP: 4/4
   968 | D:2      | Found a shattered altar of Ashenzari.
   975 | D:2      | Reached skill level 5 in Long Blades
  1183 | D:2      | Slain by a gnoll

Skill      XL: |  1  2  3  4  5 |
---------------+----------------+-----
Fighting       | 4 |  4.6
Armour         | 4 |  4.7
Shields        | 4 |  4.7
Long Blades    | 3 4 5 |  5.3

Action                   |  1- 3 |  4- 6 || total
-------------------------+-------+-------++-------
Melee: Long sword        |    73 |    39 ||   112
       Headbutt          |     9 |     7 ||    16
  Eat: Chunk             |       |     1 ||     1
Armor: Chain mail        |    44 |    18 ||    62
Dodge: Dodged            |    14 |     9 ||    23
Block: Shield            |    33 |    11 ||    44
       Rpst.: Long sword |     2 |       ||     2
